 Dungeon Crawl Stone Soup version 0.26.1-11-gd32895ea62 (webtiles) character file.

Game seed: 16664963012273058985

164 jlumianski the Caller (level 5, 0/21 HPs)
             Began as a Felid Summoner on May 31, 2021.
             Killed from afar by Blork the orc (9 damage)
             ... with a magic dart
             ... on level 4 of the Dungeon.
             The game lasted 00:28:47 (6009 turns).

jlumianski the Caller (Felid Summoner)              Turns: 6009, Time: 00:28:47

Health: 0/21       AC:  1    Str:  4    XL:     5   Next: 21%
Magic:  2/12       EV: 18    Int: 18    God:
Gold:   81         SH:  0    Dex: 16    Spells: 6/12 levels left
                                        Lives:  0   Deaths: 1

rFire    . . .     SeeInvis +   (weapon unavailable)
rCold    . . .     Faith    .   (shield unavailable)
rNeg     . . .     Spirit   .   (armour unavailable)
rPois    .         Reflect  .   (helmet unavailable)
rElec    .         Harm     .   (cloak unavailable)
rCorr    .         Rampage  .   (gloves unavailable)
Will     .....                  (boots unavailable)
Stlth    ++++......             (no amulet)
HPRegen  0.07/turn              h - ring of stealth
MPRegen  0.13/turn              (no ring)

@: quick
A: very small, no armour, no weapons or thrown items, stealth, claws 1, fangs 3,
see invisible, speed 1, shaggy fur 1, sharp paws
a: no special abilities


You were on level 4 of the Dungeon.
You visited 1 branch of the dungeon, and saw 4 of its levels.
You also visited: Sewer.

You collected 81 gold pieces.

Inventory:

Jewellery
 h - a ring of stealth (left paw)
Wands
 j - a wand of digging (6)
Scrolls
 a - a scroll of teleportation
 b - 2 scrolls of remove curse
 c - 2 scrolls of enchant weapon
 d - 3 scrolls of identify
 l - a scroll of magic mapping
Potions
 e - a potion of mutation
 i - 3 potions of might
 k - 5 potions of heal wounds
 m - 5 potions of flight


   Skills:
 + Level 2.9 Dodging
 + Level 3.8 Stealth
 + Level 0.4 Unarmed Combat
 + Level 4.2 Spellcasting
 + Level 5.5 Summonings


You had 6 spell levels left.
You knew the following spells:

 Your Spells              Type           Power        Failure   Level
a - Summon Small Mammal   Summ           92%          1%          1
b - Call Imp              Summ           23%          2%          2
c - Call Canine Familiar  Summ           23%          4%          3

Your spell library contained the following spells:

 Spells                   Type           Power        Failure   Level
 Summon Guardian Golem    Hex/Summ       13%          14%         3
 Summon Ice Beast         Ice/Summ       13%          43%         4
 Summon Lightning Spire   Summ/Air       13%          43%         4


Dungeon Overview and Level Annotations

Branches:
Dungeon (4/15)              Sewer (visited)
 Temple: D:4-7

Altars:
Cheibriados
Gozag
Hepliaklqana

Annotations:
D:4 Blork the orc


Innate Abilities, Weirdness & Mutations

You cannot wear armour.
You are incapable of wielding weapons or throwing items.
Your paws allow you to move quietly. (Stealth)
You have sharp claws.
You have razor-sharp teeth.
You have supernaturally acute eyesight. (SInv)
You cover ground quickly.
You are covered in fur. (AC +1)
Your sharp claws are effective at attacking unaware monsters.


Message History

Blork the orc casts a spell at you. The magic dart hits your hound.
Blork the orc closely misses your hound.
Your hound bites Blork the orc.
Blork the orc gestures at your hound while chanting.
The puff of frost hits your hound!
Your hound bites Blork the orc but does no damage.
Blork the orc barely misses your hound.
You see here a worker ant corpse.
Your hound bites Blork the orc.
Blork the orc hits your hound with a +2 scimitar of protection!
Your hound dies!
Your hound's corpse disappears in a puff of smoke!
Blork the orc shouts!
There is an open door here.
Blork the orc points at you and mumbles some strange words.
The magic dart hits you!
Blork the orc points at you and mumbles some strange words.
The magic dart hits you!
You die...

##############'###
#......# ####
#......# #..o...#
#....o.# #......#
#......# #..§h..#
#......# #......#
.####......#
###§####
...........# #.#
#####......## #.#
######@.#
#.####### ##.##
#.#.....# #..#
#o#.....# ##.##
#.......#
######### #..#
#...#####
#.......#
##.###...#
#.......#
###..##...#
#.......#
#.......###
#.......#
#o##.§#.#


You could see Blork the orc (fast, invisible).

Vanquished Creatures
  A leopard gecko (D:1)
  3 giant cockroaches
  2 hobgoblins
  A ball python (D:3)
  2 bats
  5 kobolds
  4 rats
18 creatures vanquished.

Vanquished Creatures (collateral kills)
  A big kobold (D:4)
  A bullfrog (D:3)
  An orc priest (D:3)
  2 orc wizards (D:3)
  2 iguanas
  A worker ant (D:4)
  6 adders
  2 oozes
  3 worms
  3 dart slugs
  9 orcs
  A ball python (Sewer)
  4 giant cockroaches
  7 goblins
  7 hobgoblins
  3 jackals (D:2)
  A quokka (D:2)
  9 bats
  3 frilled lizards
  15 kobolds
  12 rats
93 creatures vanquished.

Vanquished Creatures (others)
  A fungus (Sewer)
  5 plants (Sewer)
6 creatures vanquished.

Grand Total: 117 creatures vanquished

Notes
Turn   | Place    | Note
-------+----------+-------------------------------------------
     0 | D:1      | jlumianski the Felid Summoner began the quest for the Orb.
     0 | D:1      | Reached XP level 1. HP: 7/7 MP: 4/4
   585 | D:1      | Reached XP level 2. HP: 11/11 MP: 6/6
   588 | D:1      | Learned a level 2 spell: Call Imp
  2053 | D:2      | Reached XP level 3. HP: 14/14 MP: 0/7
  2892 | D:2      | Found a snail-covered altar of Cheibriados.
  3205 | D:2      | Learned a level 3 spell: Call Canine Familiar
  3263 | D:3      | Found a glowing drain.
  3274 | Sewer    | Entered a sewer
  4015 | D:3      | Reached XP level 4. HP: 15/18 MP: 9/9
  4623 | D:3      | Found a hazy altar of Hepliaklqana.
  4826 | D:3      | Found an opulent altar of Gozag.
  4867 | D:3      | Reached skill level 5 in Summonings
  5010 | D:3      | Reached XP level 5. HP: 10/21 MP: 0/11
  5761 | D:4      | Noticed Blork the orc
  5808 | D:4      | Killed from afar by Blork the orc
  5809 | D:4      | Reached XP level 4. HP: -3/18 MP: 6/11
  5860 | D:4      | Noticed a big kobold
  5942 | D:4      | Killed a big kobold
  5943 | D:4      | Reached XP level 5. HP: 14/21 MP: 1/12
  6009 | D:4      | Killed from afar by Blork the orc

Illustrated notes

Levels and vault maps discovered:
D:1:      dpeg_arrival_ratfight, layout_basic
D:2:      layout_basic, nicolae_overflow_crystal_walls
D:3:      layout_basic, lemuel_crystal_altar, nzn_hepliaklqana_mist_gate,
          portal_sewer_entry_f, minmay_surrounded
D:4:      layout_basic, ebering_ghost_sewer_f, uniq_blork_the_orc

Skill      XL: |  1  2  3  4  5 |
---------------+----------------+-----
Stealth        | 3 |  3.8
Spellcasting   | 3 4 |  4.2
Summonings     | 5 |  5.5
Dodging        | |  2.9
Unarmed Combat | |  0.4

Action                   |  1- 3 |  4- 6 || total
-------------------------+-------+-------++-------
Melee: Unarmed           |    44 |     5 ||    49
       Bite              |     2 |       ||     2
 Cast: Summon Small Mamm |    80 |    21 ||   101
       Call Imp          |    49 |    35 ||    84
       Call Canine Famil |     7 |    17 ||    24
  Use: Scroll            |     6 |     2 ||     8
       Potion            |     7 |     1 ||     8
 Stab: Sleeping          |    13 |     3 ||    16
       Distracted        |     1 |       ||     1
Armor: Skin              |     6 |     1 ||     7
Dodge: Dodged            |   111 |    13 ||   124
